 Dungeon Crawl Stone Soup version 0.31-a0-161-gb58dd9be76 (webtiles) character file.

Game seed: 7057574831346564197

28090 qw the Marksgargoyle (level 13, -8/84 HPs)
             Began as a Gargoyle Hunter on June 12, 2023.
             Was an Elder of Okawaru.
             Mangled by a komodo dragon (15 damage)
             ... on level 4 of the Lair of Beasts.
             The game lasted 00:06:49 (12311 turns).

qw the Marksgargoyle (Gargoyle Hunter)             Turns: 12311, Time: 00:06:50

Health: -8/84      AC: 18    Str: 16    XL:     13   Next: 36%
Magic:  20/20      EV: 22    Int: 10    God:    Okawaru [****..]
Gold:   698        SH:  0    Dex: 17    Spells: 12/12 levels left

rFire   . . .        d - +1 arbalest
rCold   . . .        (shield currently unavailable)
rNeg    + + .        j - +0 troll leather armour
rPois   inf          b - +0 helmet
rElec   +            (no cloak)
rCorr   .            c - +0 pair of gloves
SInv    .            (no boots)
Will    .....        e - amulet of faith
Stlth   +++          g - +5 ring of evasion
HPRegen 1.14/turn    s - ring of positive energy
MPRegen 0.17/turn

%: faith
@: about to teleport, heroic
A: sickness immunity, AC +9, negative energy resistance 1, electricity
resistance, torment resistance 1, petrification resistance
a: Renounce Religion, Heroism, Finesse


You were on level 4 of the Lair of Beasts.
You worshipped Okawaru.
Okawaru was greatly pleased with you.
You visited 2 branches of the dungeon, and saw 13 of its levels.
You also visited: Gauntlet.

You collected 954 gold pieces.
You spent 256 gold pieces at shops.


Innate Abilities, Weirdness & Mutations

You are immune to sickness and miasma.
Your stone body is resilient. (AC +9)
You are immune to poison.
You resist negative energy. (rN+)
You are resistant to electric shocks. (rElec)
You are resistant to unholy torment.
You are immune to petrification.


   Skills:
 - Level 11.1(16.1) Fighting
 + Level 16.7(21.7) Ranged Weapons
 - Level 4.1(9.1) Armour
 - Level 5.2(10.2) Dodging
 - Level 1.1(6.1) Stealth
 - Level 10.0 Invocations


You had 12 spell levels left.
You didn't know any spells.
Your spell library was empty.

Inventory:

Hand Weapons
 d - a +1 arbalest (weapon)
 o - the +8 orcbow "Bapoat" {antimagic, rCorr}
   (You acquired it on level 2 of the Lair of Beasts)

   rCorr:     It protects you from acid and corrosion.
Armour
 b - a +0 helmet (worn)
 c - a +0 pair of gloves (worn)
 j - a +0 troll leather armour (worn)
Jewellery
 e - an amulet of faith (around neck)
 g - a +5 ring of evasion (left hand)
 h - an amulet of reflection
 s - a ring of positive energy (right hand)
Wands
 q - a wand of digging (3)
Scrolls
 f - 4 scrolls of identify
 p - a scroll of teleportation
Potions
 a - 9 potions of curing
 i - 3 potions of haste
 k - 2 potions of attraction
 l - 2 potions of lignification
 m - a potion of magic
 n - 2 potions of might
 r - a potion of resistance

Dungeon Overview and Level Annotations

Branches:
Dungeon (8/15)             Temple (0/1) D:4            Lair (5/5) D:8
  Swamp (0/4) Lair:2       Spider (0/4) Lair:3      Gauntlet (visited)
  Slime: Lair:4-5

Altars:
Cheibriados
Hepliaklqana
Kikubaaqudgha
Okawaru
Qazlal
Trog
Xom
The Shining One

Shops:
D:7 !

Annotations:
D:3 1 runed translucent door, qw's ghost, amateur NaHu
D:7 2 transporters, qw's ghost, novice GrFi


Message History

Enter note:
Enter note: You shoot a bolt.
The bolt hits the water moccasin!
The water moccasin is almost dead.
The komodo dragon closely misses you. The water moccasin bites you.
The water moccasin completely misses you.
The five-headed hydra barely misses you.
The five-headed hydra closely misses you.
The five-headed hydra bites you but does no damage.
The five-headed hydra misses you. The five-headed hydra bites you.
You shoot a bolt. The bolt hits the water moccasin!!!
You kill the water moccasin!
Okawaru accepts your kill.
The water moccasin completely misses you.
The komodo dragon barely misses you.
The five-headed hydra bites you but does no damage.
The five-headed hydra bites you.
The five-headed hydra bites you but does no damage.
The five-headed hydra misses you. The five-headed hydra bites you!
The water moccasin barely misses you.
12309 ||| READING 2 scrolls of teleportation.
As you read the scroll of teleportation, it crumbles to dust.
You feel strangely unstable. The komodo dragon bites you!
The water moccasin closely misses you.
The five-headed hydra completely misses you. x2
The five-headed hydra misses you.
The five-headed hydra bites you but does no damage.
The five-headed hydra misses you.
You shoot a bolt. The bolt hits the komodo dragon!
The komodo dragon is moderately wounded.
The water moccasin closely misses you. The komodo dragon misses you.
The five-headed hydra barely misses you.
The five-headed hydra misses you.
The five-headed hydra completely misses you.
The five-headed hydra bites you but does no damage.
The five-headed hydra completely misses you.
You shoot a bolt. The bolt hits the komodo dragon!
The komodo dragon is heavily wounded.
The water moccasin closely misses you. The komodo dragon bites you!
You die...

#......................## #.
..#..................### #.
###P#................# ##.
###..............### #..
##..........P#.# ##..
##.####..#.#### #.#. ### ####.##
##.. #.D## ##. #.@l## #P. #S...#
##. #P...# #. ##...# #. ####....#
## ## ### #..##...##### ### ##
.#####.######.#.....#..###.# ###.
.#.P..###P...#..#.....#....###...
.................................


You could see a five-headed hydra, a komodo dragon and a water moccasin.

Vanquished Creatures
  A minotaur (Gauntlet)
  2 hydras
  3 catoblepae
  A two-headed ogre (D:6)
  6 death yaks
  3 skysharks
  Pikel (D:5)
  A lindwurm (Lair:1)
  A necromancer (Gauntlet)
  2 black mambas
  3 elephants (Lair:3)
  7 cane toads
  3 komodo dragons
  3 rime drakes
  A troll (D:6)
  3 hornets (Gauntlet)
  3 polar bears
  Prince Ribbit (D:7)
  5 blink frogs (Lair:4)
  7 dream sheep (Lair:3)
  A ynoxinul (Gauntlet)
  Sigmund (D:2)
  13 yaks
  4 basilisks
  8 water moccasins
  8 ice beasts
  4 orc warriors
  A sky beast (D:6)
  A black bear (D:7)
  2 ogres
  6 wolves
  A lemure (D:5)
  2 centaurs
  A kobold brigand (D:6)
  5 bullfrogs
  A gnoll sergeant (D:6)
  5 scorpions
  5 wights (D:6)
  3 killer bees (D:7)
  6 howler monkeys
  3 electric eels (Lair:2)
  3 hounds
  3 jellies
  5 orc priests
  A gnoll bouda (D:6)
  5 iron imps
  Jessica (D:3)
  Terence (D:2)
  5 iguanas
  4 sleepcaps
  Natasha (thrice) (D:2)
  8 orc wizards
  5 hell rats (Lair:4)
  Robin (D:2)
  7 gnolls (D:6)
  6 adders
  3 white imps
  2 ufetubi (D:5)
  A worm (D:4)
  A dart slug (D:3)
  26 orcs
  10 endoplasms
  14 goblins
  11 hobgoblins
  7 jackals
  8 kobolds
  A quokka (D:3)
  6 ball pythons
  4 bats
  3 frilled lizards
  6 rats
299 creatures vanquished.

Notes
Turn   | Place    | Note
-------+----------+-------------------------------------------
     0 | D:1      | qw the Gargoyle Hunter began the quest for the Orb.
     0 | D:1      | Reached XP level 1. HP: 12/12 MP: 1/1
     0 | D:1      | 0 ||| qw: Version: 0.2-a-29-gc1b59c4
     0 | D:1      | 0 ||| qw: Game counter: 4203
     0 | D:1      | 0 ||| qw: Always use a shield: true
     0 | D:1      | 0 ||| qw: God list: Okawaru
     0 | D:1      | 0 ||| qw: Allow faded altars: false
     0 | D:1      | 0 ||| qw: Do Orc after D:15 true
     0 | D:1      | 0 ||| qw: Do second Lair branch before Depths: true
     0 | D:1      | 0 ||| qw: Lair rune preference: random
     0 | D:1      | 0 ||| qw: Plans: Normal, Zot:1-4, Slime:5, God:TSO, Crypt,
                  | Tomb, Abyss, Pan, Hells, Win
     0 | D:1      | 0 ||| PLANNING D:1-11
    24 | D:1      | 24 ||| FLEEEEING.
    25 | D:1      | 25 ||| FLEEEEING.
    65 | D:1      | Reached XP level 2. HP: 17/17 MP: 2/2
   257 | D:1      | Reached XP level 3. HP: 21/21 MP: 3/3
   397 | D:1      | Reached skill level 5 in Ranged Weapons
   580 | D:1      | 580 ||| UPGRADING to amulet of faith.
   585 | D:1      | 585 ||| UPGRADING to +5 ring of evasion.
   586 | D:1      | 586 ||| READING scroll labelled SANAZX GOMY.
   589 | D:1      | 589 ||| READING scroll labelled ELANUL DUAN.
   590 | D:1      | 590 ||| DRINKING 2 lumpy puce potions.
   591 | D:1      | 591 ||| DROPPING scroll of butterflies.
   604 | D:2      | Noticed Sigmund
   606 | D:2      | 606 ||| STAIRDANCE
   635 | D:2      | 635 ||| STAIRDANCE
   662 | D:2      | 662 ||| STAIRDANCE
   692 | D:2      | Noticed Natasha
   702 | D:2      | Killed Natasha
   703 | D:2      | Reached skill level 3 in Fighting
   703 | D:2      | Reached XP level 4. HP: 16/28 MP: 4/4
   704 | D:2      | 704 ||| DRINKING potion of curing.
   704 | D:2      | 704 ||| (to cure confusion)
   711 | D:2      | Killed Sigmund
   712 | D:2      | Reached skill level 6 in Ranged Weapons
   712 | D:2      | Reached XP level 5. HP: 24/32 MP: 5/5
   791 | D:2      | Reached XP level 6. HP: 37/37 MP: 6/6
   793 | D:2      | Noticed Robin
   796 | D:2      | 796 ||| Stepping ~*~*~tactically~*~*~ (outnumbered).
   823 | D:2      | Killed Robin
   894 | D:2      | Noticed Natasha
   895 | D:2      | Noticed Terence
   901 | D:2      | Killed Natasha
   912 | D:2      | Killed Terence
  1221 | D:2      | Noticed Natasha
  1230 | D:2      | Killed Natasha
  1231 | D:2      | Reached skill level 7 in Ranged Weapons
  1295 | D:2      | 1295 ||| UPGRADING to +0 helmet.
  1300 | D:2      | 1300 ||| READING scroll labelled TUQOLE CIDGH.
  1331 | D:2      | 1331 ||| READING scroll labelled ESYOKHL WAXIA.
  1332 | D:2      | 1332 ||| READING scroll labelled LOKHET XAISAM.
  1333 | D:2      | 1333 ||| DRINKING 3 bubbling orange potions.
  1334 | D:2      | 1334 ||| DRINKING 2 purple potions.
  1379 | D:2      | 1379 ||| DROPPING 2 potions of brilliance.
  1446 | D:3      | Found a bloodstained altar of Trog.
  1605 | D:3      | Reached skill level 1 in Armour
  1657 | D:3      | Noticed Jessica
  1662 | D:3      | Killed Jessica
  1763 | D:3      | Found a runed translucent door.
  1765 | D:3      | 1765 ||| READING scroll labelled SEYGIO XUYBIPOX.
  1766 | D:3      | 1766 ||| READING scroll labelled BICELE WUSAWO.
  1909 | D:3      | Noticed qw's ghost (amateur NaHu)
  1924 | D:3      | Found an ancient bone altar of Kikubaaqudgha.
  2090 | D:3      | 2090 ||| UPGRADING to +0 ring mail.
  2100 | D:3      | 2100 ||| DROPPING +0 leather armour.
  2101 | D:3      | 2101 ||| READING 2 scrolls of identify.
  2101 | D:3      | 2101 ||| IDENTIFYING black potion
  2102 | D:3      | 2102 ||| DROPPING potion of enlightenment.
  2209 | D:4      | Found an iron altar of Okawaru.
  2210 | D:4      | 2210 ||| PLANNING OKAWARU WORSHIP
  2210 | D:4      | 2210 ||| DROPPING ring of magical power.
  2218 | D:4      | Became a worshipper of Warmaster Okawaru
  2218 | D:4      | 2218 ||| PLANNING D:1-11
  2365 | D:4      | Reached XP level 7. HP: 39/43 MP: 7/7
  2415 | D:4      | Found a stormy altar of Qazlal.
  2417 | D:4      | Noticed a fire elemental
  2418 | D:4      | Noticed an air elemental
  2418 | D:4      | Noticed a water elemental
  2522 | D:4      | Found a staircase to the Ecumenical Temple.
  2764 | D:4      | 2764 ||| UPGRADING to +0 pair of gloves.
  2769 | D:4      | 2769 ||| READING scroll labelled RANLUE BERE.
  2795 | D:5      | Entered Level 5 of the Dungeon
  2832 | D:5      | HP: 8/43 [orc priest/divine providence (11)]
  2837 | D:5      | HP: 8/43 [something (2)]
  2842 | D:5      | HP: 8/43 [something/puff of flame (1)]
  3073 | D:5      | Reached * piety under Okawaru
  3074 | D:5      | Reached skill level 8 in Ranged Weapons
  3084 | D:5      | 3084 ||| FLEEEEING.
  3218 | D:5      | Reached skill level 1 in Invocations
  3295 | D:5      | 3295 ||| INVOKING Heroism.
  3379 | D:5      | Reached XP level 8. HP: 48/48 MP: 9/9
  3430 | D:5      | Reached skill level 3 in Invocations
  3456 | D:5      | 3456 ||| INVOKING Heroism.
  3647 | D:5      | 3647 ||| INVOKING Heroism.
  3866 | D:5      | Noticed Pikel
  3867 | D:5      | 3867 ||| INVOKING Heroism.
  3886 | D:5      | 3886 ||| INVOKING Heroism.
  3894 | D:5      | Killed Pikel
  3894 | D:5      | Reached ** piety under Okawaru
  3894 | D:5      | Reached *** piety under Okawaru
  3895 | D:5      | Reached skill level 9 in Ranged Weapons
  3898 | D:5      | Reached XP level 9. HP: 24/54 MP: 10/12
  4032 | D:5      | 4032 ||| DROPPING amulet of magic regeneration.
  4033 | D:5      | 4033 ||| READING scroll labelled DOKEEDGHULUA.
  4034 | D:5      | 4034 ||| READING scroll labelled DAQ YMEUXENG.
  4035 | D:5      | 4035 ||| DRINKING 2 fuming sapphire potions.
  4036 | D:5      | 4036 ||| DROPPING potion of degeneration.
  4075 | D:6      | 4075 ||| FLEEEEING.
  4076 | D:6      | 4076 ||| FLEEEEING.
  4108 | D:6      | 4108 ||| INVOKING Heroism.
  4120 | D:6      | Reached skill level 6 in Fighting
  4132 | D:6      | 4132 ||| INVOKING Heroism.
  4135 | D:6      | Reached skill level 10 in Ranged Weapons
  4300 | D:6      | Reached skill level 3 in Armour
  4305 | D:6      | 4305 ||| INVOKING Heroism.
  4433 | D:6      | Noticed a two-headed ogre
  4434 | D:6      | 4434 ||| INVOKING Heroism.
  4454 | D:6      | Killed a two-headed ogre
  4686 | D:6      | 4686 ||| DRINKING 3 potions of curing.
  4686 | D:6      | 4686 ||| (to cure confusion)
  4829 | D:6      | 4829 ||| INVOKING Heroism.
  5035 | D:6      | 5035 ||| INVOKING Heroism.
  5091 | D:6      | Noticed a troll
  5092 | D:6      | 5092 ||| INVOKING Heroism.
  5101 | D:6      | Killed a troll
  5102 | D:6      | Reached skill level 11 in Ranged Weapons
  5102 | D:6      | Reached XP level 10. HP: 65/65 MP: 11/13
  5218 | D:6      | 5218 ||| INVOKING Heroism.
  5374 | D:6      | Reached **** piety under Okawaru
  5464 | D:6      | Reached skill level 3 in Dodging
  5656 | D:6      | 5656 ||| UPGRADING to +0 troll leather armour.
  5666 | D:6      | 5666 ||| DROPPING +0 ring mail.
  5667 | D:6      | 5667 ||| READING scroll labelled KOXO DAUNED.
  5768 | D:6      | 5768 ||| DRINKING 2 pink potions.
  5849 | D:7      | Found Tezxie's Distillery.
  5879 | D:7      | Noticed Prince Ribbit
  5894 | D:7      | 5894 ||| READING scroll labelled WOJUMIPU CUUT.
  5912 | D:7      | Killed Prince Ribbit
  5915 | D:7      | 5915 ||| READING 2 scrolls of identify.
  5915 | D:7      | 5915 ||| IDENTIFYING golden potion
  5938 | D:7      | 5938 ||| BUYING 2 potions of curing (96 gold).
  5938 | D:7      | Bought 2 potions of curing for 96 gold pieces
  5938 | D:7      | 5938 ||| BUYING 2 potions of heal wounds (160 gold).
  5938 | D:7      | Bought 2 potions of heal wounds for 160 gold pieces
  5938 | D:7      | 5938 ||| SHOPLISTING potion of attraction (48 gold, have
                  | 34).
  5938 | D:7      | 5938 ||| SHOPLISTING potion of cancellation (128 gold, have
                  | 34).
  5938 | D:7      | 5938 ||| SHOPLISTING potion of curing (48 gold, have 34).
  5938 | D:7      | 5938 ||| SHOPLISTING potion of heal wounds (80 gold, have
                  | 34).
  5938 | D:7      | 5938 ||| SHOPLISTING potion of lignification (48 gold, have
                  | 34).
  5938 | D:7      | 5938 ||| SHOPLISTING potion of resistance (160 gold, have
                  | 34).
  5974 | D:7      | 5974 ||| INVOKING Heroism.
  5982 | D:7      | 5982 ||| Stepping ~*~*~tactically~*~*~ (outnumbered).
  5998 | D:7      | 5998 ||| INVOKING Heroism.
  6040 | D:7      | 6040 ||| INVOKING Heroism.
  6055 | D:7      | HP: 14/65 [orc priest/divine providence (14)]
  6056 | D:7      | 6056 ||| DRINKING 2 potions of heal wounds.
  6063 | D:7      | 6063 ||| INVOKING Heroism.
  6169 | D:7      | Noticed qw's ghost (novice GrFi)
  6170 | D:7      | Found a bloodstained altar of Trog.
  6171 | D:7      | Noticed a moth of wrath
  6178 | D:7      | Found a transporter.
  6196 | D:7      | Found a transporter.
  6286 | D:7      | Found a hazy altar of Hepliaklqana.
  6457 | D:7      | 6457 ||| READING scroll labelled FUDUCW OXTEULL.
  6498 | D:8      | Found a shimmering altar of Xom.
  6515 | D:8      | Found a glowing golden altar of the Shining One.
  6556 | D:8      | 6556 ||| INVOKING Heroism.
  6568 | D:8      | Reached skill level 12 in Ranged Weapons
  6595 | D:8      | 6595 ||| SWAPPING to +0 orcbow.
  6596 | D:8      | 6596 ||| DROPPING +1 shortbow.
  6714 | D:8      | 6714 ||| INVOKING Heroism.
  6767 | D:8      | Found a staircase to the Lair.
  6886 | D:8      | Found a snail-covered altar of Cheibriados.
  6897 | D:8      | 6897 ||| DRINKING 6 potions of curing.
  6897 | D:8      | 6897 ||| (to cure confusion)
  6898 | D:8      | 6898 ||| INVOKING Heroism.
  6899 | D:8      | 6899 ||| Stepping ~*~*~tactically~*~*~ (outnumbered).
  6909 | D:8      | Reached skill level 6 in Invocations
  7079 | D:8      | 7079 ||| Stepping ~*~*~tactically~*~*~ (outnumbered).
  7081 | D:8      | 7081 ||| Stepping ~*~*~tactically~*~*~ (outnumbered).
  7083 | D:8      | 7083 ||| INVOKING Heroism.
  7084 | D:8      | 7084 ||| Stepping ~*~*~tactically~*~*~ (outnumbered).
  7406 | D:8      | 7406 ||| PLANNING LAIR
  7406 | D:8      | 7406 ||| READING 2 scrolls of identify.
  7406 | D:8      | 7406 ||| IDENTIFYING murky dark potion
  7430 | Lair:1   | Entered Level 1 of the Lair of Beasts
  7463 | Lair:1   | Noticed a cane toad
  7463 | Lair:1   | Noticed a cane toad
  7464 | Lair:1   | 7464 ||| INVOKING Heroism.
  7483 | Lair:1   | Killed a cane toad
  7493 | Lair:1   | 7493 ||| INVOKING Heroism.
  7500 | Lair:1   | Killed a cane toad
  7501 | Lair:1   | Reached XP level 11. HP: 31/69 MP: 13/16
  7556 | Lair:1   | 7556 ||| INVOKING Heroism.
  7574 | Lair:1   | Reached ***** piety under Okawaru
  7590 | Lair:1   | Noticed a lindwurm
  7595 | Lair:1   | Reached skill level 13 in Ranged Weapons
  7601 | Lair:1   | Killed a lindwurm
  7607 | Lair:1   | 7607 ||| INVOKING Heroism.
  7632 | Lair:1   | Reached skill level 9 in Fighting
  8258 | Lair:1   | 8258 ||| READING scroll labelled WABREFUJUTT.
  8259 | Lair:1   | 8259 ||| READING scroll labelled PEROME VAIXKO.
  8287 | Lair:2   | 8287 ||| PLANNING GAUNTLET
  8293 | Lair:2   | Found a gate leading to a gauntlet.
  8302 | Gauntlet | Entered a Gauntlet
  8302 | Gauntlet | Found a transporter.
  8302 | Gauntlet | Found a transporter.
  8314 | Gauntlet | Found a transporter.
  8332 | Gauntlet | Found a transporter.
  8332 | Gauntlet | Found a transporter.
  8334 | Gauntlet | Found a transporter.
  8334 | Gauntlet | Found a transporter.
  8337 | Gauntlet | Noticed a balrug
  8339 | Gauntlet | Found a runed translucent door.
  8339 | Gauntlet | Noticed a death yak
  8339 | Gauntlet | Noticed a death yak
  8341 | Gauntlet | Noticed a death yak
  8346 | Gauntlet | Found a transporter.
  8362 | Gauntlet | Found a transporter.
  8364 | Gauntlet | Found a runed translucent door.
  8364 | Gauntlet | Noticed a necromancer
  8369 | Gauntlet | Noticed a death scarab
  8371 | Gauntlet | Noticed a death scarab
  8372 | Gauntlet | Found a transporter.
  8377 | Gauntlet | Found a transporter.
  8380 | Gauntlet | Found a transporter.
  8419 | Gauntlet | Found a transporter.
  8435 | Gauntlet | Found a transporter.
  8474 | Gauntlet | 8474 ||| INVOKING Heroism.
  8654 | Gauntlet | 8654 ||| INVOKING Heroism.
  8655 | Gauntlet | 8655 ||| INVOKING Finesse.
  8668 | Gauntlet | Killed a death yak
  8669 | Gauntlet | Reached skill level 9 in Invocations
  8689 | Gauntlet | Killed a death yak
  8689 | Gauntlet | Received a gift from Okawaru
  8693 | Gauntlet | Killed a necromancer
  8707 | Gauntlet | 8707 ||| INVOKING Heroism.
  8761 | Gauntlet | 8761 ||| INVOKING Heroism.
  8762 | Gauntlet | 8762 ||| INVOKING Finesse.
  8763 | Gauntlet | 8763 ||| INVOKING Finesse.
  8796 | Gauntlet | Killed a death yak
  8844 | Gauntlet | 8844 ||| DROPPING amulet of regeneration.
  8874 | Gauntlet | Noticed a minotaur
  8875 | Gauntlet | 8875 ||| INVOKING Heroism.
  8876 | Gauntlet | 8876 ||| INVOKING Finesse.
  8892 | Gauntlet | Killed a minotaur
  8968 | Gauntlet | Identified the +0 leather armour of Grace {Regen+}
  8968 | Gauntlet | Identified the staff of cold "Wyaqib" {rC+ Str+5}
  9005 | Gauntlet | 9005 ||| DROPPING +0 leather armour of Grace {Regen+}.
  9043 | Lair:2   | 9043 ||| PLANNING LAIR
  9126 | Lair:2   | Noticed a skyshark
  9139 | Lair:2   | Killed a skyshark
  9140 | Lair:2   | Reached skill level 14 in Ranged Weapons
  9140 | Lair:2   | Reached XP level 12. HP: 56/76 MP: 19/19
  9232 | Lair:2   | 9232 ||| INVOKING Heroism.
  9236 | Lair:2   | HP: 18/76 [yak (3)]
  9237 | Lair:2   | 9237 ||| READING 2 scrolls of teleportation.
  9238 | Lair:2   | 9238 ||| DRINKING 2 potions of heal wounds.
  9303 | Lair:2   | 9303 ||| INVOKING Heroism.
  9345 | Lair:2   | Noticed a seven-headed hydra
  9346 | Lair:2   | 9346 ||| INVOKING Finesse.
  9352 | Lair:2   | 9352 ||| INVOKING Heroism.
  9370 | Lair:2   | Killed a seven-headed hydra
  9375 | Lair:2   | HP: 12/77 [blink frog (12)]
  9376 | Lair:2   | 9376 ||| READING scroll of teleportation.
  9377 | Lair:2   | 9377 ||| DRINKING potion of heal wounds.
  9390 | Lair:2   | Noticed a catoblepas
  9410 | Lair:2   | 9410 ||| INVOKING Heroism.
  9422 | Lair:2   | Killed a catoblepas
  9524 | Lair:2   | Found a staircase to the Swamp.
  9638 | Lair:2   | 9638 ||| INVOKING Heroism.
  9956 | Lair:2   | Identified the +8 quarterstaff "Orb Guardian's Doom"
                  | {spect, rElec rF+}
 10019 | Lair:2   | 10019 ||| READING scroll labelled JETTEU LYIM.
 10019 | Lair:2   | Identified a scroll of acquirement
 10019 | Lair:2   | 10019 ||| ACQUIRING +8 orcbow "Bapoat" {antimagic, rCorr}
 10019 | Lair:2   | Acquired the +8 orcbow "Bapoat" {antimagic, rCorr}
 10021 | Lair:2   | 10021 ||| READING 2 scrolls of identify.
 10021 | Lair:2   | 10021 ||| IDENTIFYING metallic ruby potion
 10022 | Lair:2   | 10022 ||| DROPPING potion of invisibility.
 10116 | Lair:3   | 10116 ||| INVOKING Heroism.
 10141 | Lair:3   | Reached skill level 15 in Ranged Weapons
 10270 | Lair:3   | 10270 ||| INVOKING Heroism.
 10387 | Lair:3   | Noticed a six-headed hydra
 10388 | Lair:3   | 10388 ||| INVOKING Heroism.
 10397 | Lair:3   | Killed a six-headed hydra
 10462 | Lair:3   | 10462 ||| INVOKING Heroism.
 10498 | Lair:3   | Found a hole to the Spider Nest.
 10546 | Lair:3   | 10546 ||| INVOKING Heroism.
 10660 | Lair:3   | Noticed a catoblepas
 10661 | Lair:3   | 10661 ||| INVOKING Heroism.
 10662 | Lair:3   | 10662 ||| INVOKING Finesse.
 10673 | Lair:3   | Killed a catoblepas
 10902 | Lair:3   | 10902 ||| INVOKING Heroism.
 10903 | Lair:3   | 10903 ||| SWAPPING to +0 arbalest.
 10910 | Lair:3   | 10910 ||| DROPPING +0 orcbow.
 11080 | Lair:3   | Reached XP level 13. HP: 82/82 MP: 20/20
 11382 | Lair:4   | Reached skill level 16 in Ranged Weapons
 11397 | Lair:4   | 11397 ||| READING scroll of enchant weapon.
 11397 | Lair:4   | 11397 ||| ENCHANTING +0 arbalest.
 11553 | Lair:4   | 11553 ||| INVOKING Heroism.
 11563 | Lair:4   | 11563 ||| INVOKING Finesse.
 11665 | Lair:4   | 11665 ||| INVOKING Heroism.
 12013 | Lair:4   | 12013 ||| INVOKING Heroism.
 12014 | Lair:4   | 12014 ||| INVOKING Finesse.
 12259 | Lair:4   | 12259 ||| UPGRADING to ring of positive energy.
 12297 | Lair:5   | Entered Level 5 of the Lair of Beasts
 12298 | Lair:5   | 12298 ||| INVOKING Heroism.
 12305 | Lair:5   | 12305 ||| STAIRDANCE
 12308 | Lair:4   | HP: 13/84 [five-headed hydra (12)]
 12309 | Lair:4   | 12309 ||| READING 2 scrolls of teleportation.
 12309 | Lair:4   | HP: 5/84 [komodo dragon (9)]
 12311 | Lair:4   | Mangled by a komodo dragon

Levels and vault maps discovered:
D:1:      doesnt_arrival_eight_statues, layout_basic,
          amcnicky_mini_corridor_feature
D:2:      layout_basic, uniq_sigmund, uniq_robin, uniq_natasha, uniq_terence
D:3:      layout_basic, bloody_trog, nicolae_overflow_crystal_walls,
          ebering_ghost_sewer_d, uniq_jessica
D:4:      layout_loops_ring, nicolae_qazlal_style_of_elements,
          okawaru_gym_becter, minmay_temple_entry_gardened_gates
D:5:      layout_gridville, grunt_ministairs_7, uniq_pikel
D:6:      layout_basic
D:7:      layout_cave_pools, mainiacjoe_overflow_brackets, serial_shops,
          nicolae_stop_n_shop_2, gammafunk_ghost_wrathful_warriors,
          minmay_gold_behind_fungi, uniq_prince_ribbit1
D:8:      layout_loops_corners, tso_metal_star, overflow_temple_1_default,
          slow_altar_1, hellmonk_lair_entry_icy, serial_bayou_crossing
Lair:1:   layout_regular_city, nicolae_lair_lindhole, grunt_megastairs_1
Lair:2:   layout_regular_city, minmay_swamp_entry_eels, gauntlet_entry_generic,
          beast_lair_carwin_7
Lair:3:   layout_small_grid, spider_nest_entry_web_field, grunt_megastairs_4,
          uniq_nessos
Lair:4:   layout_hall_layers, hibernation_bobbens
Lair:5:   guppyfry_lair_end_dragon, layout_regular_city, wormcave,
          slime_entry_2, grunt_megastairs_5, infiniplex_staircase_pool_2,
          lemuel_fruit_fields

Skill      XL: |  1  2  3  4  5  6  7  8  9 10 11 12 13 |
---------------+----------------------------------------+-----
Ranged Weapons | 5 6 7 8 9 11 12 14 15 16 | 16.7
Fighting       | 3 4 5 8 9 10 11 | 11.1
Armour         | 1 2 3 4 |  4.1
Dodging        | 2 4 5 |  5.2
Invocations    | 2 4 7 10 | 10.0
Stealth        | |  1.1

Action                     |  1- 3 |  4- 6 |  7- 9 | 10-12 | 13-15 || total
---------------------------+-------+-------+-------+-------+-------++-------
   Fire: Shortbow          |   123 |   186 |   402 |   199 |       ||   910
         Orcbow            |       |       |       |   807 |       ||   807
         Arbalest          |       |       |       |    10 |   127 ||   137
 Invoke: Heroism           |       |       |    12 |    30 |     4 ||    46
         Finesse           |       |       |       |     5 |     2 ||     7
    Use: Scroll            |     2 |     6 |     3 |    11 |     2 ||    24
         Potion            |     1 |     3 |     2 |     5 |       ||    11
 Armour: Leather armour    |    14 |    25 |       |       |       ||    39
         Ring mail         |       |     3 |   104 |     5 |       ||   112
         Troll leather arm |       |       |       |   212 |    24 ||   236
  Dodge: Dodged            |    43 |    80 |   259 |   746 |    79 ||  1207

Table legend:
 A = Non-vault XP
 B = Vault XP
 C = Vault XP percentage of total XP
 D = Non-vault monster count
 E = Vault monster count
 F = Vault count percentage of total count
                 A         B        C        D         E       F
            +---------+---------+-------+---------+---------+-------
      Total |   26989 |   13140 |  32.7 |     241 |      57 |  19.1
            +---------+---------+-------+---------+---------+-------
        D:1 |      54 |       0 |   0.0 |      26 |       0 |   0.0
        D:2 |     111 |     320 |  74.2 |      20 |      14 |  41.2
        D:3 |      60 |      37 |  38.1 |      14 |       1 |   6.7
        D:4 |     106 |       0 |   0.0 |      10 |       0 |   0.0
        D:5 |     875 |     823 |  48.5 |      21 |       3 |  12.5
        D:6 |    2722 |       0 |   0.0 |      38 |       0 |   0.0
        D:7 |    1032 |     274 |  21.0 |      20 |       1 |   4.8
        D:8 |    1147 |    1177 |  50.6 |      25 |       8 |  24.2
     Lair:1 |    1792 |    2217 |  55.3 |       7 |       5 |  41.7
     Lair:2 |    4789 |     898 |  15.8 |      12 |       9 |  42.9
     Lair:3 |    7114 |    1275 |  15.2 |      24 |       2 |   7.7
     Lair:4 |    7187 |     834 |  10.4 |      24 |       1 |   4.0
   Gauntlet |       0 |    5285 | 100.0 |       0 |      13 | 100.0
            +---------+---------+-------+---------+---------+-------
